 Dungeon Crawl Stone Soup version 0.18-a0-1797-gc18daef (webtiles) character file.

6477 4thArraOfDagon the Martial Artist (level 10, -1/86 HPs)
             Began as a Purple Draconian Ice Elementalist on Apr 22, 2016.
             Was a High Priest of Cheibriados.
             Slain by a minotaur
             ... wielding the +4 rapier of Charity {freeze, +Fly Dex+6 Stlth-}
              (11 damage)
             ... in a labyrinth.
             The game lasted 00:23:44 (4382 turns).

4thArraOfDagon the Martial Artist (DrIE)            Turns: 4382, Time: 00:23:44

Health: -1/86      AC:  9    Str: 27    XL:     10   Next: 68%
Magic:  21/23      EV: 24    Int: 29    God:    Cheibriados [*****.]
Gold:   488        SH:  0    Dex: 30    Spells: 3 memorised, 7 levels left

rFire  . . .     SeeInvis .       - Unarmed
rCold  . . .     Gourm    .     (armour unavailable)
rNeg   . . .     Faith    .     (no shield)
rPois  +         Spirit   .     (helmet restricted)
rElec  .         Dismiss  .     (no cloak)
rCorr  .         Reflect  .     i - +1 pair of gloves
SustAt .         Harm     .     (no boots)
MR     +....                    (no amulet)
Stlth  ++++......               s - +2 ring of intelligence
                                q - ring of magical power

@: mighty, agile, slowed, very slow, somewhat resistant to hostile enchantments,
stealthy
A: breathe power, unfitting armour, low mp 1, poison resistance, cold-blooded,
AC +7
a: Breathe Dispelling Energy, Bend Time, Temporal Distortion, Slouch, Step From
Time, Renounce Religion


You were in a labyrinth.
You worshipped Cheibriados.
Cheibriados was extremely pleased with you.
You were not hungry.

You visited 1 branch of the dungeon, and saw 11 of its levels.
You also visited: Labyrinth and Ossuary.

You collected 771 gold pieces.
You spent 283 gold pieces at shops.

Inventory:

Missiles
 C - 3 javelins (quivered)
Armour
 i - a +1 pair of gloves (worn)
 y - a cursed +0 shield
Magical Staves
 v - an uncursed staff of cold
Jewellery
 q - a ring of magical power (left hand)
 s - a +2 ring of intelligence (right hand)
 G - an uncursed ring of fire
Wands
 c - a wand of iceblast (0/15)
 p - a wand of paralysis (7/24)
Scrolls
 d - 2 scrolls of fear
 j - 3 scrolls of amnesia
 m - a scroll of teleportation
 n - 4 scrolls of remove curse
 A - a scroll of fog
 D - 2 scrolls of enchant weapon
Potions
 e - 4 potions of haste
 f - a potion of cure mutation
 k - 6 potions of curing
 t - a potion of ambrosia {unknown}
 w - 2 potions of flight
 x - a potion of degeneration
 B - a potion of berserk rage {unknown}
 H - a potion of cancellation
Books
 a - a book of Frost

   Spells                             Type                      Level
   a - Freeze                         Ice                          1
   b - Throw Frost                    Conjuration/Ice              2
   c - Ozocubu's Armour               Charms/Ice                   3
   d - Throw Icicle                   Conjuration/Ice              4
   e - Summon Ice Beast               Ice/Summoning                4
 o - a Grand Grimoire

   Spells                             Type                      Level
   a - Monstrous Menagerie            Summoning                    7
   b - Summon Greater Demon           Summoning                    7
   c - Malign Gateway                 Summoning/Translocation      7
   d - Summon Horrible Things         Summoning                    8
Miscellaneous
 E - a plain deck of wonders
Comestibles
 b - 4 bread rations
 g - 3 meat rations


   Skills:
 + Level 7.6 Fighting
 + Level 6.4 Dodging
 - Level 1.7 Stealth
 * Level 10.9 Unarmed Combat
 - Level 2.4 Spellcasting
 - Level 1.0 Conjurations
 - Level 3.0 Ice Magic
 + Level 7.6 Invocations


You had 7 spell levels left.
You knew the following spells:

 Your Spells              Type           Power        Failure   Level  Hunger
a - Freeze                Ice            ###.         2%          1    None
b - Ozocubu's Armour      Chrm/Ice       ##......     14%         3    ###....
c - Throw Frost           Conj/Ice       ###...       6%          2    ##.....


Dungeon Overview and Level Annotations

Branches:
Dungeon (11/15)            Temple (0/1) D:5            Lair (0/8) D:9
    Orc: D:9-12

Altars:
Cheibriados
Dithmenos
Nemelex Xobeh
Ru

Shops:
D:6 !   D:7 *   D:10 *

Annotations:
D:4 eragonby's ghost, amateur DDFi
D:7 Prince Ribbit
D:10 dobroeutro's ghost, novice GrFi


Innate Abilities, Weirdness & Mutations

You can breathe bolts of dispelling energy.
Your rich purple scales are hard (AC +7).
Your body does not fit into most forms of armour.
You are cold-blooded and may be slowed by cold attacks.
Your magical capacity is low (-10% MP).
Your system is resistant to poisons.


Message History

You feel as though you will be slow longer.
The minotaur freezes you! The minotaur misses you.
You punch the minotaur!
The minotaur is severely wounded.
You hit the minotaur.
Your tail-slap misses the minotaur.
The minotaur is severely wounded.
The minotaur hits you with a crystal rapier {freeze}.
The minotaur freezes you.
The minotaur gores you but does no damage.
Unknown command.
You barely miss the minotaur.
The minotaur furiously retaliates!
The minotaur headbutts you.
The minotaur is severely wounded.
The minotaur hits you with a crystal rapier {freeze}!
* * * LOW HITPOINT WARNING * * *
You feel as though you will be slow longer.
The minotaur freezes you.
* * * LOW HITPOINT WARNING * * *
The minotaur gores you!
You die...

# # . ### # #..
≈≈≈ . # # #. .
<≈ #.# #.# #. ..
# . .. . #. #
H### # #.. ...
... #..
#..###'###...
..#.#
##...@H.....#
.##.
.....#...#.....#
..## ...#.#####
#.### . # # .#
.. . . # # . . .
.. # # # .## #
.. # ##


You could see a minotaur.

Vanquished Creatures
  Joseph (D:7)
  4 gargoyles (Lab)
  2 trolls (D:9)
  A shadow (D:11)
  6 yaks (D:10)
  A hippogriff (D:9)
  2 water moccasins
  5 black bears (D:7)
  A phantom (D:10)
  6 centaurs
  5 ogres
  A crocodile (D:10)
  2 giant frogs
  A big kobold (D:11)
  2 scorpions
  5 killer bees (D:10)
  4 howler monkeys
  2 crimson imps
  2 centaur zombies
  A giant frog zombie (D:5)
  3 hounds
  A wasp zombie (D:9)
  2 centaur skeletons
  A giant frog skeleton (D:7)
  An orc priest (D:11)
  3 orc wizards
  An iguana (D:11)
  3 worker ants
  A killer bee zombie (D:9)
  A big kobold zombie (Ossuary)
  8 mummies (Ossuary)
  A howler monkey zombie (D:7)
  2 adders
  A howler monkey skeleton (D:6)
  2 shadow imps
  An adder zombie (D:6)
  A dart slug (D:2)
  4 giant geckos
  22 orcs
  5 giant cockroaches
  A goblin (D:2)
  4 hobgoblins
  9 jackals
  A quokka (D:5)
  A ball python (D:5)
  2 bats
  A giant newt (D:5)
  2 hobgoblin zombies (Ossuary)
  8 kobolds
  2 kobold zombies (Ossuary)
  3 orc zombies (Ossuary)
  5 rats
157 creatures vanquished.

Notes
Turn   | Place    | Note
--------------------------------------------------------------
     0 | D:1      | 4thArraOfDagon the Draconian Ice Elementalist began the quest for the Orb.
     0 | D:1      | Reached XP level 1. HP: 14/14 MP: 3/3
     0 | D:1      | beem please be my company during this journey
   136 | D:1      | Reached skill level 1 in Unarmed Combat
   245 | D:1      | Reached XP level 2. HP: 16/20 MP: 1/5
   315 | D:2      | Found a snail-covered altar of Cheibriados.
   325 | D:2      | Reached skill level 2 in Unarmed Combat
   331 | D:2      | Became a worshipper of Cheibriados the Contemplative
   427 | D:3      | Reached skill level 3 in Unarmed Combat
   427 | D:3      | Reached XP level 3. HP: 18/26 MP: 1/6
   842 | D:3      | Reached XP level 4. HP: 33/33 MP: 4/7
   932 | D:3      | Reached * piety under Cheibriados
  1017 | D:4      | Noticed eragonby's ghost (amateur DDFi)
  1059 | D:4      | Learned a level 3 spell: Ozocubu's Armour
  1120 | D:5      | Entered Level 5 of the Dungeon
  1187 | D:5      | Reached skill level 4 in Unarmed Combat
  1225 | D:5      | Reached XP level 5. HP: 28/38 MP: 8/8
  1304 | D:5      | Found a sacrificial altar of Ru.
  1304 | D:5      | Noticed a centaur
  1321 | D:5      | Killed a centaur
  1321 | D:5      | Reached skill level 1 in Fighting
  1321 | D:5      | Reached skill level 5 in Unarmed Combat
  1321 | D:5      | Reached skill level 1 in Invocations
  1336 | D:5      | Reached XP level 6. HP: 42/47 MP: 9/9
  1645 | D:5      | Found a staircase to the Ecumenical Temple.
  1729 | D:6      | Found Ejut Eru Peh's Distillery.
  1784 | D:6      | Bought a potion of lignification for 39 gold pieces
  1784 | D:6      | Bought a potion of degeneration for 13 gold pieces
  1817 | D:6      | Your scales start taking on a rich purple colour.
  1817 | D:6      | Reached XP level 7. HP: 56/56 MP: 10/10
  1846 | D:7      | Reached ** piety under Cheibriados
  1846 | D:7      | Reached skill level 6 in Unarmed Combat
  1899 | D:7      | Reached skill level 7 in Unarmed Combat
  1899 | D:7      | Reached XP level 8. HP: 15/63 MP: 11/11
  1954 | D:7      | horrible colour
  2077 | D:7      | Found a sand-covered staircase.
  2107 | Ossuary  | Entered an ossuary
  2318 | Ossuary  | Gained mutation: Your magical capacity is low (-10% MP). [potion of mutation]
  2318 | Ossuary  | Gained mutation: Your system is resistant to poisons. [potion of mutation]
  2391 | D:6      | Reached *** piety under Cheibriados
  2442 | D:7      | Found Ummoti's General Store.
  2458 | D:7      | Noticed Joseph
  2502 | D:7      | Paralysed by Joseph for 2 turns
  2508 | D:7      | Killed Joseph
  2508 | D:7      | Reached skill level 8 in Unarmed Combat
  2508 | D:7      | Reached skill level 5 in Invocations
  2508 | D:7      | Reached XP level 9. HP: 17/73 MP: 11/11
  2561 | D:7      | Learned a level 2 spell: Throw Frost
  2567 | D:7      | Noticed Prince Ribbit
  2662 | D:8      | Reached skill level 5 in Fighting
  2705 | D:9      | Noticed a troll
  2720 | D:9      | Killed a troll
  2763 | D:9      | Found a shadowy altar of Dithmenos.
  2863 | D:9      | Found a sparkling altar of Nemelex Xobeh.
  2891 | D:9      | Noticed a troll
  2900 | D:9      | Killed a troll
  2900 | D:9      | Reached skill level 5 in Dodging
  2900 | D:9      | Reached skill level 9 in Unarmed Combat
  3041 | D:9      | Found a staircase to the Lair.
  3110 | D:10     | Entered Level 10 of the Dungeon
  3110 | D:10     | Noticed dobroeutro's ghost (novice GrFi)
  3139 | D:10     | Found Juwiwoal's Assorted Antiques.
  3142 | D:10     | Bought a scroll labeled NEOKHLAN KUIS for 26 gold pieces
  3142 | D:10     | Bought a scroll labeled AMEAME UHYA for 26 gold pieces
  3142 | D:10     | Bought a brown potion for 23 gold pieces
  3142 | D:10     | Bought a sapphire ring for 130 gold pieces
  3142 | D:10     | Bought a scroll labeled NEOKHLAN KUIS for 26 gold pieces
  3282 | D:10     | Reached **** piety under Cheibriados
  3282 | D:10     | Reached XP level 10. HP: 57/84 MP: 13/13
  3401 | D:10     | Reached skill level 10 in Unarmed Combat
  3721 | D:11     | Reached ***** piety under Cheibriados
  3760 | D:11     | Found a labyrinth entrance.
  3768 | Lab      | Entered a labyrinth
  4079 | Lab      | Noticed a gargoyle
  4093 | Lab      | Killed a gargoyle
  4155 | Lab      | Noticed a gargoyle
  4169 | Lab      | Killed a gargoyle
  4211 | Lab      | Noticed a gargoyle
  4220 | Lab      | Killed a gargoyle
  4301 | Lab      | Noticed a gargoyle
  4306 | Lab      | Killed a gargoyle
  4372 | Lab      | Noticed a minotaur
  4375 | Lab      | Yermak: Mummy finds 1 non-food shop on orc:4. yay
  4382 | Lab      | Identified the +4 rapier of Charity {freeze, +Fly Dex+6 Stlth-}
  4382 | Lab      | Slain by a minotaur

Vault maps used:
D:1:      dpeg_arrival_long_road
D:2:      cheibriados_altar_1, first_bread, uniq_iyjb
D:3:      grunt_decor_cap, serial_park_tiny_1
D:5:      nicolae_ru_awakened_eye, minmay_temple_entry_purple_smoke,
          kennysheep_doodads
D:6:      grunt_temple_overflow_diamond, serial_shops, shop
D:7:      trog_ov_bears_minmay, serial_shops, nicolae_shop_waterfront,
          nicolae_ossuary_entry_ruins, uniq_joseph, uniq_prince_ribbit1
D:8:      serial_shops, shop, grunt_ogre_cave, bh_walls_and_bars
D:9:      kennysheep_spiral_hall, nemelex_deck, lemuel_crystal_altar,
          lair_0_dummy
D:10:     serial_shops, kennysheep_mini
D:11:     lab_entry_generic, serial_shops, nicolae_shop_trees
Lab:      labyrinth_watery, nicolae_lab_grate_2, lab_statue, labyrinth_glass_1,
          nicolae_lab_swirl
Ossuary:  ossuary_tomb_3

Skill      XL: |  1  2  3  4  5  6  7  8  9 10 |
---------------+-------------------------------+-----
Unarmed Combat | 1 3 4 5 7 8 9 10 | 10.9
Dodging        | 2 3 4 5 6 |  6.4
Fighting       | 1 2 3 4 6 7 |  7.6
Invocations    | 1 2 3 5 6 7 |  7.6
Stealth        | |  1.7
Spellcasting   | |  2.4
Conjurations   | |  1.0
Ice Magic      | |  3.0

Action                   |  1- 3 |  4- 6 |  7- 9 | 10-12 || total
-------------------------+-------+-------+-------+-------++-------
Melee: Unarmed           |    29 |    95 |   303 |   136 ||   563
       Tailslap          |     1 |    16 |    63 |    41 ||   121
       Punch             |     1 |     3 |    20 |    12 ||    36
 Cast: Freeze            |    30 |    27 |    25 |    10 ||    92
       Ozocubu's Armour  |       |     4 |    13 |    11 ||    28
       Throw Frost       |       |       |       |     5 ||     5
Invok: Bend Time         |       |       |     3 |     2 ||     5
 Abil: Breathe Dispellin |       |       |     7 |       ||     7
Evoke: Wand              |       |     2 |     2 |       ||     4
  Use: Scroll            |     4 |     2 |     3 |    10 ||    19
       Potion            |       |       |     8 |     2 ||    10
 Stab: Sleeping          |     2 |     3 |     5 |     2 ||    12
       Invisible         |       |       |    15 |       ||    15
       Paralysed         |       |       |     8 |       ||     8
  Eat: Chunk             |       |     3 |     7 |     2 ||    12
       Royal jelly       |       |       |       |     1 ||     1
Armor: Skin              |    13 |    41 |   115 |    29 ||   198
Dodge: Dodged            |    49 |    67 |   214 |   105 ||   435
